 Dungeon Crawl Stone Soup version 0.29.1-2-gbd0b4ee654 (webtiles) character file.

Game seed: 1541747923293420661

16725 unlimited1921 the Thaumaturge (level 12, -15/75 HPs)
             Began as a Djinni Fire Elementalist on Nov 22, 2022.
             Was an Elder of Fedhas.
             Demolished by a white ugly thing (49 damage)
             ... in an ice cave.
             The game lasted 01:29:53 (9962 turns).

unlimited1921 the Thaumaturge (DjFE)                Turns: 9962, Time: 01:29:53

Health: -15/75     AC:  9    Str:  7    XL:     12   Next: 73%
Gold:   552        EV: 12    Int: 23    God:    Fedhas [****..] SH:  3 Dex: 13

rFire   + + .      SeeInvis .   u - +0 trident (protect)
rCold   x . .      Faith    .   i - +0 buckler
rNeg    . . .      Spirit   .   o - +3 leather armour
rPois   ∞          Reflect  .   (no helmet)
rElec   +          Harm     .   U - +0 cloak of Good Intentions {rElec Will+ rCorr}
rCorr   +          Rampage  .   r - +1 pair of gloves
Will    ++...                   (boots unavailable)
Stlth   ++........              b - amulet of regeneration
HPRegen 1.02/turn               (no ring)
MPRegen 0.00/turn               (no ring)

@: flying, studying Spellcasting
A: sickness immunity, fire resistance 2, cold vulnerability 1, float, innate
caster, HP casting, extra vitality 1
a: Renounce Religion, Wall of Briars, Grow Ballistomycete, Overgrow


You were in an ice cave.
You worshipped Fedhas.
Fedhas was greatly pleased with you.
You visited 3 branches of the dungeon, and saw 13 of its levels.
You also visited: Ice Cave.

You collected 849 gold pieces.
You spent 297 gold pieces at shops.

Inventory:

Hand Weapons
 u - a +0 trident of protection (weapon)
 w - a +2 dagger of draining
 B - a +2 short sword of venom
 E - a +3 vorpal trident
 J - a +1 scimitar of flaming
 L - a +0 morningstar of draining
 N - a +3 dagger of freezing
 P - a +4 war axe
 R - a +4 short sword
 W - a +4 vorpal hand axe
 X - a +2 trident of holy wrath
 Y - a +1 war axe of venom
Missiles
 D - a throwing net
Armour
 i - a +0 buckler (worn)
 o - a +3 leather armour (worn)
 q - a +0 robe of positive energy
 r - a +1 pair of gloves (worn)
 A - a +0 leather armour of cold resistance
 F - the +3 hat of Pondering {ponderous, Will+ MP+10 Int+5}
   (You took it off Gastronok on level 1 of the Lair of Beasts)

   Int:       It affects your intelligence (+5).
   MP:        It affects your magic capacity (+10).
   Will:      It increases your willpower.
 H - a +2 ring mail of poison resistance
 K - a +2 robe of willpower
 U - the +0 cloak of Good Intentions (worn) {rElec Will+ rCorr}
   (You bought it in a shop on level 9 of the Dungeon)

   rElec:     It insulates you from electricity.
   rCorr:     It protects you from acid and corrosion.
   Will:      It increases your willpower.
Jewellery
 b - an amulet of regeneration (around neck)
Wands
 c - a wand of paralysis (1)
 G - a wand of roots (13)
 O - a wand of digging (5)
 V - a wand of acid (4)
Scrolls
 e - 2 scrolls of blinking {unknown}
 h - 2 scrolls of enchant armour
 l - 3 scrolls of teleportation {unknown}
 p - 4 scrolls of immolation
 t - a scroll of noise {unknown}
 v - 2 scrolls of vulnerability {unknown}
 x - a scroll of brand weapon
 y - 3 scrolls of summoning {unknown}
 C - 2 scrolls of butterflies {unknown}
 I - a scroll of silence
 M - a scroll of fear
Potions
 a - 3 potions of brilliance
 d - 4 potions of heal wounds
 f - 4 potions of might
 g - 3 potions of attraction
 j - 2 potions of curing
 k - a potion of cancellation
 m - 2 potions of lignification
 n - a potion of ambrosia
 z - 2 potions of mutation
 S - a potion of invisibility {unknown}
 T - 2 potions of flight {unknown}
 Z - a potion of resistance {unknown}
Miscellaneous
 s - a tin of tremorstones (2/2)
 Q - a phantom mirror (quivered)


   Skills:
 + Level 2.3 Fighting
 + Level 1.9 Polearms
 + Level 3.3 Armour
 + Level 4.3 Dodging
 + Level 3.2 Stealth
 + Level 0.9 Shields
 + Level 14.7 Spellcasting
 * Level 6.8 Invocations
 + Level 0.8 Evocations


You had 15 spell levels left.
You knew the following spells:

 Your Spells              Type           Power      Damage    Failure   Level
a - Foxfire               Conj/Fire      100%       2x1d9     0%          1
b - Scorch                Fire           100%       2d10      1%          2
c - Conjure Flame         Conj/Fire      71%        6-21      1%          3
d - Inner Flame           Hex/Fire       71%        N/A       1%          3
e - Flame Wave            Conj/Fire      71%        2d16      1%          4
f - Freeze                Ice            100%       1d11      0%          1
g - Searing Ray           Conj           100%       2d8       1%          2
h - Call Imp              Summ           71%        N/A       1%          2
i - Mephitic Cloud        Conj/Pois/Air  71%        N/A       1%          3
j - Leda's Liquefaction   Hex/Erth       35%        N/A       1%          4
Your spell library was empty.

Dungeon Overview and Level Annotations

Branches:
Dungeon (9/15)             Temple (0/1) D:6            Lair (2/5) D:9
 Shoals (0/4) Lair:2          Orc (2/2) D:9           IceCv (1/1)
  Snake: Lair:2-3    Spider: Lair:2-3       Elf: Orc:2

Altars:
Fedhas
Okawaru
Ru
Uskayaw
The Shining One

Shops:
D:6 [   D:9 [

Annotations:
D:5 2 transporters, zeram's ghost, novice SpFi


Innate Abilities, Weirdness & Mutations

You are immune to sickness and miasma.
You are immune to poison.
Your flesh is very heat resistant. (rF++)
You are vulnerable to cold. (rC-)
You float through the air rather than walking.
You learn spells naturally, not from books.
Your magical power is your life essence.
You have superior vitality. (+4 MHP)


Message History

The elephant simulacrum is lightly damaged.
The foxfire hits the elephant simulacrum but does no damage.
The elephant simulacrum is lightly damaged.
Casting: Foxfire (safe; 0% risk of failure)
Confirm with . or Enter, or press ? or * to list all spells.
You conjure some foxfire!
The foxfire hits the elephant simulacrum.
The elephant simulacrum melts!
The elephant simulacrum is moderately damaged.
The foxfire hits the white ugly thing but does no damage.
Casting: Foxfire (safe; 0% risk of failure)
Confirm with . or Enter, or press ? or * to list all spells.
Flames lash the elephant simulacrum.
The elephant simulacrum melts!
The elephant simulacrum vaporises!
Fedhas accepts your kill.
The foxfire hits the white ugly thing but does no damage. x2
A death yak simulacrum comes into view.
Your phantom mirror has recharged.
Casting: Scorch (safe; 1% risk of failure)
Confirm with . or Enter, or press ? or * to list all spells.
Flames lash the white ugly thing.
The white ugly thing is moderately wounded.
The white ugly thing's fire resistance burns away.
Casting: Scorch (safe; 1% risk of failure)
Confirm with . or Enter, or press ? or * to list all spells.
Flames lash the white ugly thing.
The white ugly thing is burned terribly!
The white ugly thing is heavily wounded.
The white ugly thing tail-slaps you. The white ugly thing freezes you!!
You feel a terrible chill!
Casting: Scorch (safe; 1% risk of failure)
Confirm with . or Enter, or press ? or * to list all spells.
Flames lash the white ugly thing.
The white ugly thing is burned terribly!
The white ugly thing is severely wounded.
The white ugly thing tail-slaps you! The white ugly thing freezes you!!!
You feel a terrible chill!
Ouch! That really hurt!
You die...
Fedhas appreciates your contribution to the ecosystem.

### ###...
#......
##.......
##........
#.......8.
#.........
#∩@u.....(
#.........
#....°..8.
##.....Z..
##.......
#......
###... ###


You could see a white ugly thing (combustible) and a death yak simulacrum.

Vanquished Creatures
  Gastronok (Lair:1)
  A centaur warrior (D:9)
  A two-headed ogre (D:9)
  Erica (D:8)
  2 cyclopes
  2 orc sorcerers
  7 elephants
  Joseph (D:8)
  2 cane toads
  3 komodo dragons
  A hornet (D:8)
  7 blink frogs
  Sigmund (D:3)
  3 wyverns
  7 yaks
  A basilisk (Lair:2)
  Grum (Lair:1)
  4 steam dragons
  7 orc warriors
  An ice beast (D:7)
  A swamp drake (D:9)
  2 ogres
  2 wolves (Lair:1)
  2 centaurs (D:9)
  A phantom (D:4)
  3 kobold brigands (D:6)
  10 bullfrogs
  2 scorpions (D:5)
  A gnoll sergeant (D:7)
  3 necrophages
  6 wights
  An elephant simulacrum (IceCv)
  2 howler monkeys
  A jelly (D:7)
  8 orc priests
  2 hounds
  3 iguanas
  13 orc wizards
  5 gnolls (D:7)
  2 adders
  A white imp (D:5)
  4 dart slugs (D:1)
  56 orcs
  5 ball pythons
  6 bats
  5 endoplasms
  2 giant cockroaches
  A goblin (D:2)
  4 hobgoblins
  A jackal (D:1)
  2 quokkas (D:1)
  3 frilled lizards
  22 kobolds
  3 rats
239 creatures vanquished.

Vanquished Creatures (collateral kills)
  2 blink frogs
  A water moccasin (Lair:1)
  A wolf (Lair:1)
  A dart slug (D:5)
  2 orcs
7 creatures vanquished.

Vanquished Creatures (others)
  An orc (D:8)
  706 foxfires
  9 fungi
  16 plants
732 creatures vanquished.

Grand Total: 978 creatures vanquished

Notes
Turn   | Place    | Note
-------+----------+-------------------------------------------
     0 | D:1      | unlimited1921 the Djinni Fire Elementalist began the quest
                  | for the Orb.
     0 | D:1      | unlimited1921 set off with the following spells memorised:
                  | Foxfire, Scorch, Conjure Flame, Inner Flame, Flame Wave.
     0 | D:1      | Reached XP level 1. HP: 15/15 MP: 0/0
   646 | D:1      | Reached XP level 2. HP: 17/21 MP: 0/0
   924 | D:1      | Reached skill level 3 in Spellcasting
   943 | D:1      | Reached XP level 3. HP: 25/25 MP: 0/0
   943 | D:1      | Learned a level 1 spell: Freeze
  1539 | D:2      | Found a faded altar of an unknown god.
  1730 | D:2      | You are sucked into a shaft and drop 1 floor!
  1772 | D:2      | Reached XP level 4. HP: 31/31 MP: 0/0
  2596 | D:3      | Noticed Sigmund
  2601 | D:3      | Killed Sigmund
  2602 | D:3      | Reached skill level 4 in Spellcasting
  2602 | D:3      | Reached XP level 5. HP: 25/35 MP: 0/0
  2602 | D:3      | Learned a level 2 spell: Searing Ray
  2602 | D:3      | Reached XP level 6. HP: 29/40 MP: 0/0
  2747 | D:3      | Found a blossoming altar of Fedhas.
  2793 | D:3      | Found a glowing golden altar of the Shining One.
  2972 | D:4      | Found an iron altar of Okawaru.
  3335 | D:4      | Noticed an ogre
  3339 | D:4      | Killed an ogre
  3340 | D:4      | Reached skill level 5 in Spellcasting
  3341 | D:4      | Reached XP level 7. HP: 45/45 MP: 0/0
  3341 | D:4      | Learned a level 2 spell: Call Imp
  3701 | D:3      | Became a worshipper of Fedhas Madash
  3716 | D:5      | Entered Level 5 of the Dungeon
  3840 | D:5      | Noticed a hornet
  3849 | D:5      | Noticed zeram's ghost (novice SpFi)
  3866 | D:5      | Found a transporter.
  3871 | D:5      | Found a transporter.
  3965 | D:5      | Reached skill level 6 in Spellcasting
  3988 | D:5      | Found a sacrificial altar of Ru.
  4168 | D:5      | Reached * piety under Fedhas
  4169 | D:5      | Reached XP level 8. HP: 43/50 MP: 0/0
  4376 | D:5      | Reached skill level 7 in Spellcasting
  4715 | D:6      | Found Adubah's Antique Armour Shoppe.
  5011 | D:6      | Found a staircase to the Ecumenical Temple.
  5049 | D:6      | Found a hide-covered altar of Uskayaw.
  5054 | D:6      | Reached ** piety under Fedhas
  5055 | D:6      | Reached XP level 9. HP: 49/56 MP: 0/0
  5055 | D:6      | Learned a level 3 spell: Mephitic Cloud
  5148 | D:7      | Reached skill level 8 in Spellcasting
  5197 | D:7      | Reached skill level 1 in Fighting
  5201 | D:7      | Reached skill level 1 in Polearms
  5728 | D:8      | Noticed Joseph
  5736 | D:8      | Killed Joseph
  5737 | D:8      | Reached skill level 9 in Spellcasting
  5857 | D:8      | Noticed Erica
  5857 | D:8      | Noticed a hornet
  5867 | D:8      | Killed a hornet
  5868 | D:8      | Reached skill level 1 in Armour
  5897 | D:8      | Killed Erica
  5898 | D:8      | Reached XP level 10. HP: 57/63 MP: 0/0
  6003 | D:8      | Reached skill level 10 in Spellcasting
  6338 | D:9      | Found Vemyxid's Armour Emporium.
  6338 | D:9      | Found a staircase to the Orcish Mines.
  6476 | D:9      | Noticed a cyclops
  6492 | D:9      | Killed a cyclops
  6492 | D:9      | Reached *** piety under Fedhas
  6785 | D:9      | Bought the +0 cloak of Good Intentions {rElec Will+ rCorr}
                  | for 297 gold pieces
  6816 | D:9      | Found a staircase to the Lair.
  6881 | D:9      | Noticed a centaur warrior
  6923 | D:9      | Reached skill level 1 in Invocations
  7048 | D:9      | Reached skill level 11 in Spellcasting
  7054 | D:9      | Reached XP level 11. HP: 25/68 MP: 0/0
  7054 | D:9      | Learned a level 4 spell: Leda's Liquefaction
  7223 | D:9      | Killed a centaur warrior
  7268 | D:9      | Noticed a two-headed ogre
  7274 | D:9      | Killed a two-headed ogre
  7505 | Orc:1    | Entered Level 1 of the Orcish Mines
  7526 | Orc:1    | Noticed an orc sorcerer
  7532 | Orc:1    | Reached **** piety under Fedhas
  7532 | Orc:1    | Killed an orc sorcerer
  7533 | Orc:1    | Reached skill level 12 in Spellcasting
  7905 | Orc:2    | Entered Level 2 of the Orcish Mines
  7921 | Orc:2    | Noticed a cyclops
  7935 | Orc:2    | Killed a cyclops
  7937 | Orc:2    | Noticed an orc sorcerer
  7943 | Orc:2    | Killed an orc sorcerer
  8286 | Lair:1   | Entered Level 1 of the Lair of Beasts
  8469 | Lair:1   | Identified a scroll of acquirement
  8470 | Lair:1   | Acquired a manual of Spellcasting
  8569 | Lair:1   | Reached skill level 5 in Invocations
  8732 | Lair:1   | Noticed Grum
  8847 | Lair:1   | Killed Grum
  8848 | Lair:1   | Reached XP level 12. HP: 59/74 MP: 0/0
  8890 | Lair:1   | Noticed Gastronok
  8940 | Lair:1   | Killed Gastronok
  8941 | Lair:1   | Reached skill level 13 in Spellcasting
  9318 | Lair:1   | Reached skill level 14 in Spellcasting
  9500 | Lair:1   | Found a glowing golden altar of the Shining One.
  9597 | Lair:2   | Noticed a five-headed hydra
  9661 | Lair:2   | Found a frozen archway.
  9829 | Lair:2   | Found a staircase to the Shoals.
  9955 | IceCv    | Entered an ice cave
  9962 | IceCv    | Demolished by a white ugly thing

Illustrated notes

Levels and vault maps discovered:
D:1:      saegor_arrival_miasma, layout_basic, serial_glass, glass_columns_b,
          glass_columns_b, minmay_misc_feat_plants, hangedman_feature_mirror,
          nicolae_eternal_life, st_stairs_12
D:2:      layout_basic, shapermc_ecumenical_altar_starsandcircs,
          chequers_arboretum
D:3:      layout_loops_ring, nicolae_overflow_hidden_temple,
          dreamdust_mushroom_princess, minmay_door_square, uniq_sigmund
D:4:      layout_basic, okawaru_trees_2, mainiacjoe_overflow_cross_hatched,
          abandoned_shop, serial_park_tiny_pond, nrook_loot_triangle
D:5:      layout_basic, nicolae_ru_awakened_eye, gammafunk_ghost_hive
D:6:      layout_basic, kennysheep_mini, lemuel_tele_altar,
          minmay_temple_entry_statues_pillars, minmay_holes,
          nicolae_take_the_stairs, uniq_crazy_yiuf_cottage
D:7:      layout_rooms, minmay_misc_feat_square
D:8:      layout_basic, hangedman_decor_opposing, uniq_joseph, uniq_erica
D:9:      minmay_clustersquares, layout_cave_pools, lair_entry_dummy,
          orc_david_3
Lair:1:   layout_long_grid, basic_altar, chequers_serial_rivers_large_b,
          serial_bayou_shore_b, uniq_grum, uniq_gastronok, uniq_prince_ribbit2
Lair:2:   layout_loops_ring, elwin_shoals_entry_rocks, spider_nest_entry_rubble,
          portal_ice_cave_entry_pillars_2
Orc:1:    layout_diamond_mine, basic_altar
Orc:2:    st_orc_congregation, layout_caves, nicolae_shop_firing_range
IceCv:    ice_cave_statue_garden_transporter

Skill      XL: |  1  2  3  4  5  6  7  8  9 10 11 12 |
---------------+-------------------------------------+-----
Spellcasting   | 3 4 5 6 7 9 11 12 14 | 14.7
Stealth        | 2 3 |  3.2
Dodging        | 3 4 |  4.3
Fighting       | 1 2 |  2.3
Polearms       | 1 |  1.9
Armour         | 1 2 3 |  3.3
Invocations    | 2 5 6 |  6.8
Shields        | |  0.9
Evocations     | |  0.8

Action                   |  1- 3 |  4- 6 |  7- 9 | 10-12 || total
-------------------------+-------+-------+-------+-------++-------
Melee: Trident           |       |       |    27 |    14 ||    41
 Cast: Foxfire           |    86 |    45 |   117 |   178 ||   426
       Scorch            |    10 |    12 |    45 |   115 ||   182
       Freeze            |       |     2 |       |     2 ||     4
       Inner Flame       |       |     5 |    34 |    56 ||    95
       Call Imp          |       |       |    10 |    27 ||    37
       Flame Wave        |       |       |     2 |     7 ||     9
       Mephitic Cloud    |       |       |     4 |    27 ||    31
       Leda's Liquefacti |       |       |       |    12 ||    12
       Searing Ray       |       |       |       |     2 ||     2
Invok: Wall of Briars    |       |       |       |     3 ||     3
Evoke: Wand              |       |       |       |     3 ||     3
       Phantom mirror    |       |       |       |     1 ||     1
  Use: Scroll            |       |     6 |     3 |     6 ||    15
       Potion            |       |       |       |     7 ||     7
Armor: Robe              |     3 |       |    17 |       ||    20
       Leather armour    |       |       |       |    21 ||    21
Dodge: Dodged            |     8 |     3 |    47 |    81 ||   139
Block: Buckler           |       |       |     6 |    20 ||    26
